 Dungeon Crawl Stone Soup version 0.13-a0-2749-g2ed80a3 (webtiles) character file.

153 Kae the Firebug (level 3, -7/19 HPs)
             Began as a Tengu Fire Elementalist on Aug 22, 2013.
             Mangled by Crazy Yiuf
             ... wielding a +3,+3 quarterstaff of chaos
              (11 damage)
             ... on Level 2 of the Dungeon.
             The game lasted 00:03:00 (1196 turns).

Kae the Firebug (Tengu Fire Elementalist)           Turns: 1196, Time: 00:03:01

HP  -7/19        AC  2     Str  8      XL: 3   Next: 52%
MP   0/7         EV 12     Int 16      God:
Gold 112         SH  0     Dex 14      Spells:  1 memorised,  4 levels left

Res.Fire  : . . .   See Invis. : .   (no weapon)
Res.Cold  : . . .   Warding    : .   a - +0 robe
Life Prot.: . . .   Conserve   : .   (no shield)
Res.Poison: .       Res.Corr.  : .   (helmet restricted)
Res.Elec. : .       Clarity    : .   (no cloak)
Sust.Abil.: . .     Spirit.Shd : .   (no gloves)
Res.Mut.  : .       Stasis     : .   (boots unavailable)
Res.Rott. : .       Flight     : .   (no amulet)
Saprovore : . . .                    (no ring)
                                     (no ring)

@: very slightly contaminated, drained, not resistant to hostile enchantments,
fairly stealthy
A: beak, talons 3
a: no special abilities


You were on level 2 of the Dungeon.
You were not hungry.

You visited 1 branch of the dungeon, and saw 2 of its levels.

You collected 92 gold pieces.

Inventory:

Hand weapons
 p - a +0,+0 short sword
Missiles
 j - a dart of flame (quivered)
Armour
 a - a +0 robe (worn)
 g - a cursed +0 pair of gloves
Comestibles
 c - 2 bread rations
 f - a meat ration
 h - a choko
 o - an apple
Scrolls
 d - 2 scrolls of random uselessness {unknown}
 e - 3 scrolls of remove curse {unknown}
 i - a scroll of identify {unknown}
 k - a scroll of recharging {unknown}
 m - a scroll of teleportation {unknown}
 n - a scroll of fog {unknown}
Potions
 l - a potion of slowing {unknown}
Books
 b - a book of Flames

   Spells                             Type                      Level
   *Flame Tongue                      Conjuration/Fire             1
   Throw Flame                        Conjuration/Fire             2
   Conjure Flame                      Conjuration/Fire             3
   Inner Flame                        Hexes/Fire                   3
   Sticky Flame                       Conjuration/Fire             4
   Fireball                           Conjuration/Fire             5


   Skills:
 - Level 2.2(1.9) Dodging
 - Level 2.0(1.7) Stealth
 + Level 1.8(1.5) Spellcasting
 * Level 3.2(2.9) Conjurations
 + Level 3.5(3.2) Fire Magic


You had 4 spell levels left.
You knew the following spells:

 Your Spells              Type           Power        Failure   Level  Hunger
a - Flame Tongue          Conj/Fire      ##...        8%          1    ##.....


Dungeon Overview and Level Annotations

Branches:
Dungeon (2/27)

Altars:

Annotations
D:2 Crazy Yiuf


Innate Abilities, Weirdness & Mutations

You have a beak for a mouth.
You have claws for feet.


Message History

Casting: Flame Tongue
Confirm with . or Enter, or press ? or * to list all spells.
Aiming: Flame Tongue
Press: ? - help, Shift-Dir - straight line, f/p - Crazy Yiuf
Aim: Crazy Yiuf, wielding a quarterstaff of chaos and wearing a runed cloak (moderately wounded)
The flame hits Crazy Yiuf.
Crazy Yiuf is severely wounded.
Crazy Yiuf hits you with a quarterstaff of chaos.
Crazy Yiuf burns you.
* * * LOW HITPOINT WARNING * * *
Casting: Flame Tongue
Confirm with . or Enter, or press ? or * to list all spells.
Aiming: Flame Tongue
Press: ? - help, Shift-Dir - straight line, f/p - Crazy Yiuf
Aim: Crazy Yiuf, wielding a quarterstaff of chaos and wearing a runed cloak (severely wounded)
The flame hits Crazy Yiuf.
Crazy Yiuf is almost dead.
Crazy Yiuf hits you with a quarterstaff of chaos!
Ouch! That really hurt!
You die...

......##....P...#
###%.....###....#
.........# ######
###......# #......#
#♣♣♣ #......###♣♣♣♣
###
#.......+.f♣♣♣♣♣♣#..)#
#..........f♣♣♣♣.....#
#............♣@g♣#
#.......+.f.♣.♣♣♣#
#.....####♣♣♣♣♣♣♣♣
#.....# #♣♣♣♣♣♣
#######


You could see Crazy Yiuf.

Vanquished Creatures
  2 giant geckos (D:2)
  An ooze (D:1)
  2 ball pythons (D:2)
  4 bats
  2 giant cockroaches (D:2)
  3 goblins
  3 hobgoblins
  4 jackals
  A quokka (D:2)
  2 giant newts (D:2)
  6 kobolds
  6 rats
36 creatures vanquished.

Notes
Turn   | Place    | Note
--------------------------------------------------------------
     0 | D:1      | Kae, the Tengu Fire Elementalist, began the quest for the Orb.
     0 | D:1      | Reached XP level 1. HP: 10/10 MP: 3/3
   214 | D:1      | Reached XP level 2. HP: 15/15 MP: 5/5
   779 | D:2      | Reached XP level 3. HP: 13/19 MP: 1/7
  1186 | D:2      | Noticed Crazy Yiuf
  1196 | D:2      | Mangled by Crazy Yiuf

Action                   || total
-------------------------++-------
Melee: Unarmed           ||    58
 Cast: Flame Tongue      ||    48
  Use: Potion            ||     2
 Stab: Sleeping          ||     1
